 Dungeon Crawl Stone Soup version 0.29.1-12-g30fa7ad0bf (webtiles) character file.

Game seed: 9577242901593372789

4284 sillycutie the Severer (level 10, -3/77 HPs)
             Began as a Minotaur Berserker on Jan 11, 2023.
             Was a Follower of Trog.
             Slain by an efreet
             ... wielding a +0 scimitar of flaming
              (15 damage)
             ... on level 1 of the Abyss.
             The game lasted 00:51:07 (10144 turns).

sillycutie the Severer (Minotaur Berserker)        Turns: 10144, Time: 00:51:08

Health: -3/77      AC: 15    Str: 27    XL:     10   Next: 10%
Magic:  9/9        EV: 11    Int:  4    God:    Trog [*.....]
Gold:   513        SH:  0    Dex:  9    Spells: 9/9 levels left

rFire   . . .      SeeInvis .   j - +1 war axe
rCold   . . .      Faith    .   (no shield)
rNeg    . . .      Spirit   .   r - +0 plate armour
rPois   .          Reflect  .   (helmet restricted)
rElec   .          Harm     .   A - +2 cloak
rCorr   .          Rampage  .   (no gloves)
Will    .....                   l - +0 pair of boots
Stlth   ..........              (no amulet)
HPRegen 0.22/turn               v - +4 ring of evasion
MPRegen 0.11/turn               (no ring)

@: on berserk cooldown, slowed, very slow
A: horns 2, retaliatory headbutt
a: Renounce Religion, Berserk


You were on level 1 of the Abyss.
You worshipped Trog.
Trog was aware of your devotion.
You visited 1 branch of the dungeon, and saw 9 of its levels.
You visited the Abyss 1 time.

You collected 539 gold pieces.
You spent 26 gold pieces at shops.

Inventory:

Hand Weapons
 j - a +1 war axe (weapon)
Missiles
 t - 2 throwing nets (quivered)
Armour
 b - a scarf of repulsion
 l - a +0 pair of boots (worn)
 r - a +0 plate armour (worn)
 u - a scarf of invisibility
 w - a scarf of harm
 y - the +0 scale mail of Pufefut {Fly rPois Dex-5}
   (You found it on level 6 of the Dungeon)

   Dex:       It affects your dexterity (-5).
   rPois:     It protects you from poison.
   Fly:       It grants you flight.
 A - a +2 cloak (worn)
Jewellery
 v - a +4 ring of evasion (left hand)
Wands
 h - a wand of flame (18)
 o - a wand of charming (7)
Scrolls
 a - a scroll of brand weapon {unknown}
 c - 5 scrolls of teleportation
 e - a scroll of butterflies {unknown}
 g - a scroll of magic mapping
 n - a scroll of immolation
 p - a scroll of torment
 q - a scroll of fear {unknown}
 s - 2 scrolls of enchant armour {unknown}
 z - 3 scrolls of blinking {unknown}
 B - 3 scrolls of identify
Potions
 f - a potion of invisibility
 i - a potion of lignification
 k - 2 potions of flight
 m - 4 potions of heal wounds
 x - a potion of degeneration


   Skills:
 - Level 3.6 Fighting
 + Level 17.3 Axes
 - Level 2.4 Armour
 - Level 2.1 Dodging


You had 9 spell levels left.
You didn't know any spells.
Your spell library was empty.

Dungeon Overview and Level Annotations

Branches:
Dungeon (9/15)             Temple (0/1) D:7            Lair (0/5) D:8
    Orc: D:9-12

Altars:
Ashenzari
Dithmenos
Hepliaklqana
Ru
Uskayaw
Wu Jian
Yredelemnul
Zin

Shops:
D:1 *   D:8 **(

Annotations:
D:5 3 runed translucent doors, Unforgiven's ghost, amateur OpHu; cheesebisquit's ghost, amateur KoBr; ctx's ghost, novice GnEE


Innate Abilities, Weirdness & Mutations

You have a pair of horns on your head.
You reflexively headbutt those who attack you in melee.


Message History

You start resting.
You recover from your berserk rage.
You start resting.
An efreet comes into view.
It is wielding a +0 scimitar of flaming.
A red film seems to cover your vision as you go berserk!
You feel yourself moving faster!
You feel mighty! The efreet gestures at you. The bolt of fire hits you!
No reachable target in view!
You feel a strong urge to attack something.
You enter the shallow water.
Moving in this stuff is going to be slow.
You are engulfed in a cloud of scalding steam.
The efreet gestures at you. The bolt of fire misses you.
You feel your anger nearly subside.
You are no longer berserk.
You are exhausted.
You feel yourself slow down. The efreet barely misses you.
You barely miss the efreet. You headbutt the efreet.
The efreet is lightly wounded.
The efreet hits you but does no damage.
You hit the efreet.
The efreet is lightly wounded.
The efreet gestures at you. The bolt of fire hits you!!
You slash the efreet!
The efreet is heavily wounded.
The efreet hits you with a +0 scimitar of flaming!
The efreet burns you.
You barely miss the efreet.
The efreet is heavily wounded.
The efreet gestures at you. The bolt of fire hits you!
* * * LOW HITPOINT WARNING * * *
You barely miss the efreet.
You headbutt the efreet, but do no damage.
The efreet is heavily wounded.
The efreet hits you with a +0 scimitar of flaming!
You die...

..#.~#...
..~.#.. # ..~.~
. # ♣.~~ #. #.
♣≈.#♣ #~..
#~#♣♣~~≈♣♣♣≈~#.♣
#≈.#..~~~~~ #.~
#.R@.§....~..~.
#.....####..####
#.#....# .#
#.......
#.......##
..#.....##
#...#....
#........


You could see an efreet.

Vanquished Creatures
  An elephant (D:8)
  Prince Ribbit (D:6)
  2 wyverns
  A basilisk (D:8)
  2 steam dragons
  A water moccasin (D:6)
  3 black bears
  2 ice beasts
  3 ogres
  3 centaurs
  3 phantoms
  A kobold brigand (D:6)
  2 bullfrogs (D:8)
  2 gnoll sergeants
  A scorpion (D:6)
  11 killer bees (D:9)
  3 howler monkeys
  An electric eel (D:9)
  2 hounds
  2 orc priests
  2 jellies
  Crazy Yiuf (D:7)
  A gnoll bouda (D:4)
  Natasha (thrice) (D:2)
  4 iguanas
  3 orc wizards
  Robin (D:2)
  8 adders
  17 gnolls
  2 worms (D:2)
  A dart slug (D:4)
  15 orcs
  7 endoplasms
  3 giant cockroaches
  13 goblins
  9 hobgoblins
  4 jackals (D:3)
  2 quokkas
  7 ball pythons
  2 bats
  3 frilled lizards
  7 kobolds
  5 rats
167 creatures vanquished.

Vanquished Creatures (others)
  2 bushes (D:2)
  9 plants (D:2)
  A withered plant (D:5)
12 creatures vanquished.

Grand Total: 179 creatures vanquished

Notes
Turn   | Place    | Note
-------+----------+-------------------------------------------
     0 | D:1      | sillycutie the Minotaur Berserker began the quest for the
                  | Orb.
     0 | D:1      | Reached XP level 1. HP: 19/19 MP: 0/0
    62 | D:1      | Reached skill level 4 in Axes
   307 | D:1      | Found Iloicki's General Store.
   324 | D:1      | Reached XP level 2. HP: 22/26 MP: 1/1
   873 | D:2      | Reached skill level 5 in Axes
  1322 | D:2      | Noticed Natasha
  1329 | D:2      | Noticed a crimson imp
  1334 | D:2      | Noticed a crimson imp
  1355 | D:2      | Reached XP level 3. HP: 31/31 MP: 2/2
  1376 | D:2      | Killed Natasha
  1392 | D:2      | Reached skill level 6 in Axes
  1392 | D:2      | Reached XP level 4. HP: 35/39 MP: 3/3
  1716 | D:2      | Reached ** piety under Trog
  1959 | D:2      | Noticed Robin
  1970 | D:2      | Killed Robin
  1987 | D:2      | Noticed Natasha
  1993 | D:2      | Killed Natasha
  1994 | D:2      | Reached XP level 5. HP: 39/45 MP: 4/4
  2183 | D:2      | Reached skill level 7 in Axes
  2287 | D:2      | Noticed Natasha
  2392 | D:2      | Killed Natasha
  2956 | D:3      | Found a faded altar of an unknown god.
  2958 | D:3      | Found a faded altar of an unknown god.
  3703 | D:4      | Noticed an ogre
  3711 | D:4      | Killed an ogre
  3712 | D:4      | Reached skill level 8 in Axes
  3712 | D:4      | Reached XP level 6. HP: 51/51 MP: 5/5
  4183 | D:4      | Found a basalt altar of Yredelemnul.
  4241 | D:5      | Entered Level 5 of the Dungeon
  4252 | D:5      | Reached skill level 9 in Axes
  4596 | D:5      | Found a hide-covered altar of Uskayaw.
  4598 | D:5      | Noticed an ice beast
  4606 | D:5      | Killed an ice beast
  4607 | D:5      | Reached XP level 7. HP: 57/57 MP: 6/6
  4608 | D:5      | Reached skill level 10 in Axes
  4651 | D:5      | Found a hazy altar of Hepliaklqana.
  5066 | D:5      | Found a runed translucent gate.
  5066 | D:5      | Found a runed translucent gate.
  5066 | D:5      | Found a runed translucent gate.
  5279 | D:5      | Reached skill level 11 in Axes
  5509 | D:5      | Noticed Unforgiven's ghost (amateur OpHu)
  5509 | D:5      | Noticed cheesebisquit's ghost (amateur KoBr)
  5509 | D:5      | Noticed ctx's ghost (novice GnEE)
  5577 | D:6      | Reached XP level 8. HP: 64/64 MP: 7/7
  5583 | D:6      | Reached skill level 12 in Axes
  5825 | D:6      | Reached skill level 13 in Axes
  5861 | D:6      | Noticed Prince Ribbit
  5871 | D:6      | Killed Prince Ribbit
  5934 | D:6      | Found a glowing drain.
  6118 | D:6      | Identified the +0 scale mail of Pufefut {Fly rPois Dex-5}
  6201 | D:6      | Reached skill level 14 in Axes
  6204 | D:6      | Reached XP level 9. HP: 49/70 MP: 8/8
  6880 | D:7      | Found a staircase to the Ecumenical Temple.
  7536 | D:7      | Reached skill level 15 in Axes
  7603 | D:7      | Found a runed translucent door.
  7604 | D:7      | Noticed Crazy Yiuf
  7614 | D:7      | Killed Crazy Yiuf
  7806 | D:8      | Found Hygod's Weapon Shop.
  7926 | D:8      | Found a broken altar of Ashenzari.
  7926 | D:8      | Found a shadowy altar of Dithmenos.
  7946 | D:8      | Found Weniajo's General Store.
  7947 | D:8      | Found Belyrrue's Specific Store.
  7957 | D:8      | Bought a scroll of identify for 26 gold pieces
  8169 | D:8      | Noticed an elephant
  8176 | D:8      | Found a staircase to the Lair.
  8197 | D:8      | Reached skill level 16 in Axes
  8198 | D:8      | Killed an elephant
  8712 | D:8      | Found an ornate altar of the Wu Jian Council.
  8712 | D:8      | Found a faded altar of an unknown god.
  8749 | D:8      | Found a sacrificial altar of Ru.
  8751 | D:8      | Found a glowing silver altar of Zin.
  8753 | D:8      | Found a faded altar of an unknown god.
  9230 | D:9      | Reached skill level 17 in Axes
  9234 | D:9      | Reached XP level 10. HP: 48/77 MP: 9/9
 10080 | Abyss:1  | Cast into level 1 of the Abyss (gnoll sergeant)
 10144 | Abyss:1  | Slain by an efreet

Illustrated notes

Levels and vault maps discovered:
D:1:      dpeg_arrival_yet_another_circle, layout_rooms, serial_shops, shop,
          minmay_tetromino_l4
D:2:      layout_basic, serial_forest, infiniplex_forest_lined_2,
          infiniplex_forest_end_double, infiniplex_forest_lined_room_,
          infiniplex_forest_lined_2, infiniplex_forest_clump_curved,
          nicolae_hexahallways, nrook_campfire, kennysheep_generic_room_3,
          uniq_robin, uniq_natasha
D:3:      layout_loops_ring, hellmonk_ecumenical_altar_the_god_not_taken,
          st_stairs_7
D:4:      layout_rooms, mainiacjoe_overflow_surrounded_room
D:5:      layout_loops_ring, nicolae_overflow_squiral, gammafunk_ghost_cemetery,
          kennysheep_generic_room_15
D:6:      layout_basic, portal_sewer_entry_b, grunt_decor_arrowhead,
          nicolae_concentric_dashed_squares_wild, uniq_prince_ribbit1
D:7:      layout_loops_ring, minmay_temple_entry_drinking_statues,
          dk_noncrumbling_2, uniq_crazy_yiuf_cottage
D:8:      layout_cave_pods, chequers_temple_overflow_statue_of_worship,
          chequers_temple_overflow_minitemple, david_lair_generic, serial_shops,
          nicolae_shop_bloodbath_and_beyond, nicolae_specific_store
D:9:      layout_long_grid, kennysheep_boxes
Abyss:1:  base:
D:2

Skill      XL: |  1  2  3  4  5  6  7  8  9 |
---------------+----------------------------+-----
Axes           | 4 5 6 8 9 11 14 17 | 17.3
Fighting       | |  3.6
Armour         | |  2.4
Dodging        | |  2.1

Action                   |  1- 3 |  4- 6 |  7- 9 | 10-12 || total
-------------------------+-------+-------+-------+-------++-------
Melee: Hand axe          |    35 |       |       |       ||    35
       Headbutt          |    11 |     5 |    17 |     4 ||    37
       War axe           |    16 |   123 |   188 |    28 ||   355
       Punch             |       |       |     1 |       ||     1
Invok: Berserk           |     1 |     5 |    12 |     2 ||    20
       Trog's Hand       |       |     5 |    13 |       ||    18
  Use: Scroll            |       |     5 |     8 |     1 ||    14
       Potion            |       |     1 |       |     2 ||     3
 Stab: Sleeping          |     1 |       |       |       ||     1
Armor: Animal skin       |     3 |     6 |       |       ||     9
       Ring mail         |       |     9 |       |       ||     9
       Plate armour      |       |    44 |    87 |    11 ||   142
Dodge: Dodged            |    22 |    73 |   104 |    12 ||   211
